 Dungeon Crawl Stone Soup version 0.30.1-4-g462c640d31 (webtiles) character file.

Game seed: 2718560958239682334

1635 arthad the Trooper (level 7, -3/67 HPs)
             Began as a Ghoul Monk on Aug 24, 2023.
             Was a Follower of Ru.
             Killed from afar by a gargoyle (18 damage)
             ... with a stone arrow
             ... on level 6 of the Dungeon.
             The game lasted 00:11:01 (5761 turns).

arthad the Trooper (Ghoul Monk)                     Turns: 5761, Time: 00:11:01

Health: -3/67      AC:  6    Str: 17    XL:     7   Next: 98%
Magic:  6/6        EV: 13    Int:  5    God:    Ru [*.....]
Gold:   276        SH:  0    Dex: 11    Spells: 6/6 levels left

rFire   . .          .
                       - Unarmed
rCold   + + .        c - orb {light}
rNeg    + + +        n - +0 leather armour {rC+}
rPois   ∞            E - +1 helmet
rElec   .            i - +0 cloak
rCorr   .            (no gloves)
SInv    .            (no boots)
Will    .....        u - amulet of faith
Stlth   +            v - ring of flight
HPRegen 0.00/turn    (no ring)
MPRegen 0.10/turn

%: faith
@: flying, inhibited regen, hasted, glowing, very quick
A: claws 1, cold resistance 1, negative energy resistance 3, inhibited
regeneration, torment resistance 2, inexperienced 1, devour on kill
a: Renounce Religion


You were on level 6 of the Dungeon.
You worshipped Ru.
Ru was aware of your devotion.
You visited 1 branch of the dungeon, and saw 6 of its levels.

You collected 276 gold pieces.

Inventory:

Hand Weapons
 z - a +4 spectral club
 H - a +2 quarterstaff of chaos
Missiles
 r - 10 poisoned darts
 F - a throwing net
 G - 3 silver boomerangs (quivered)
Armour
 c - an orb of light (worn)
 i - a +0 cloak (worn)
 n - a +0 leather armour of cold resistance (worn)
 A - a scarf of harm
 E - a +1 helmet (worn)
Jewellery
 u - an amulet of faith (around neck)
 v - a ring of flight (left claw)
Wands
 a - a wand of light (1)
Scrolls
 e - 4 scrolls of identify {unknown}
 g - a scroll of blinking {unknown}
 k - a scroll of poison {unknown}
 m - a scroll of summoning {unknown}
 o - 2 scrolls of teleportation {unknown}
 p - 2 scrolls of brand weapon {unknown}
 q - a scroll of amnesia {unknown}
 s - 2 scrolls of enchant armour {unknown}
 t - a scroll of vulnerability {unknown}
 w - a scroll of silence {unknown}
 x - a scroll of immolation {unknown}
 y - a scroll of noise {unknown}
 B - a scroll of fear {unknown}
 C - a scroll of torment {unknown}
Potions
 j - 2 potions of haste
 l - a potion of flight
 D - a potion of attraction


   Skills:
 * Level 7.8 Fighting
 + Level 3.8 Armour
 + Level 4.8 Dodging
 * Level 7.7 Unarmed Combat


You had 6 spell levels left.
You didn't know any spells.
Your spell library contained the following spells:

 Spells                   Type           Power      Damage    Failure   Level
 Ozocubu's Armour         Ice            0%         N/A       88%         3
 Summon Forest            Summ/Tloc      0%         N/A       100%        5
 Summon Mana Viper        Hex/Summ       0%         N/A       100%        5
 Summon Cactus Giant      Summ           0%         N/A       100%        6
 Ozocubu's Refrigeration  Ice            0%         4d7       100%        7


Dungeon Overview and Level Annotations

Branches:
Dungeon (6/15)             Temple (0/1) D:5

Altars:
Cheibriados
Fedhas
Hepliaklqana
Makhleb
Nemelex Xobeh
Ru
Sif Muna
Wu Jian

Shops:
D:5 =


Innate Abilities, Weirdness & Mutations

You are immune to poison.
You have sharp fingernails.
Your flesh is cold resistant. (rC+)
You are immune to negative energy. (rN+++)
You do not regenerate when monsters are visible.
You are immune to unholy pain and torment.
You are somewhat inexperienced. (-1 XL)
You thrive by killing the living.


Message History

You throw a silver boomerang.
The silver boomerang barely misses the gargoyle.
You throw a silver boomerang.
The silver boomerang hits the gargoyle but does no damage.
The gargoyle is lightly damaged.
You throw a silver boomerang.
The silver boomerang hits the gargoyle but does no damage.
The gargoyle is lightly damaged.
You throw a silver boomerang.
The silver boomerang hits the gargoyle but does no damage.
The gargoyle is lightly damaged.
You feel yourself speed up.
The gargoyle hurls a stone arrow at you.
The stone arrow hits you.
You claw the gargoyle!
The gargoyle is heavily damaged.
The gargoyle hurls a stone arrow at you.
The stone arrow hits you!
You scratch the gargoyle but do no damage.
The gargoyle is heavily damaged.
You scratch the gargoyle but do no damage.
The gargoyle is heavily damaged.
The gargoyle hits you with a +0 dire flail.
You scratch the gargoyle but do no damage.
The gargoyle is heavily damaged.
The gargoyle hits you with a +0 dire flail!
You are too injured to fight recklessly!
You scratch the gargoyle.
The gargoyle is heavily damaged.
You scratch the gargoyle but do no damage.
The gargoyle is heavily damaged.
The gargoyle hits you with a +0 dire flail!
* * * LOW HITPOINT WARNING * * *
You claw the gargoyle!
The gargoyle is severely damaged.
You scratch the gargoyle but do no damage.
The gargoyle is severely damaged.
The gargoyle hurls a stone arrow at you.
The stone arrow hits you!!
You die...

#######....##.####........##
##. ####.................#
... .........###.........#
... .........###.........###
... ...................###..
... #.................# #.#
... #.................# #.#
... ##.................# #..
... .......@#..........# ###
... ......9.#....#....## ...
........######....+ ...
.......## #...# .## .......
.. ... ....... ... .......
... ....... ...


You could see a gargoyle.

Vanquished Creatures
  Grinder (D:5)
  Sigmund (D:5)
  A water moccasin (D:5)
  An ice beast (D:6)
  A phantom (D:3)
  Blork the orc (D:5)
  A scorpion (D:6)
  3 wights (D:6)
  Crazy Yiuf (D:5)
  4 orc priests
  2 hounds (D:6)
  3 jellies
  2 iguanas (D:4)
  Ijyb (D:4)
  3 orc wizards
  2 sleepcaps (D:5)
  Robin (D:4)
  4 gnolls (D:5)
  6 adders
  4 worms (D:2)
  2 dart slugs
  12 orcs
  5 bats
  9 endoplasms
  5 giant cockroaches
  18 goblins
  12 hobgoblins
  11 kobolds
  3 quokkas
  7 ball pythons
  3 frilled lizards (D:2)
  8 rats
  A spectral hobgoblin (D:2)
139 creatures vanquished.

Vanquished Creatures (others)
  A goblin (D:4)
1 creature vanquished.

Grand Total: 140 creatures vanquished

Notes
Turn   | Place    | Note
-------+----------+-------------------------------------------
     0 | D:1      | arthad the Ghoul Monk began the quest for the Orb.
     0 | D:1      | Reached XP level 1. HP: 19/19 MP: 0/0
   163 | D:1      | Reached XP level 2. HP: 23/26 MP: 1/1
   586 | D:1      | Reached XP level 3. HP: 29/33 MP: 2/2
  1281 | D:2      | Found a faded altar of an unknown god.
  1417 | D:2      | Reached skill level 1 in Armour
  1430 | D:2      | Reached XP level 4. HP: 40/40 MP: 3/3
  2041 | D:3      | Found a sacrificial altar of Ru.
  2054 | D:3      | Reached XP level 5. HP: 30/47 MP: 4/4
  2160 | D:3      | Found a hazy altar of Hepliaklqana.
  2162 | D:3      | Found a blossoming altar of Fedhas.
  2237 | D:3      | Found an ornate altar of the Wu Jian Council.
  2326 | D:3      | Found a snail-covered altar of Cheibriados.
  2356 | D:3      | Noticed a phantom
  2371 | D:3      | Killed a phantom
  2590 | D:3      | Became a worshipper of Ru the Awakened
  2597 | D:3      | Gained mutation: You are somewhat inexperienced. (-1 XL)
                  | [Ru sacrifice]
  2597 | D:3      | Reached XP level 4. HP: 41/41 MP: 3/3
  2597 | D:3      | Reached * piety under Ru
  2759 | D:4      | Reached skill level 5 in Fighting
  2759 | D:4      | Reached XP level 5. HP: 47/48 MP: 4/4
  2775 | D:4      | Found a burning altar of Makhleb.
  2859 | D:4      | Noticed Ijyb
  2889 | D:4      | Noticed Robin
  2902 | D:4      | Reached skill level 5 in Unarmed Combat
  2912 | D:4      | Killed Robin
  2999 | D:4      | Killed Ijyb
  3417 | D:4      | Found a sparkling altar of Nemelex Xobeh.
  3538 | D:5      | Entered Level 5 of the Dungeon
  3767 | D:5      | Noticed Sigmund
  3783 | D:5      | Killed Sigmund
  3784 | D:5      | Reached XP level 6. HP: 20/57 MP: 5/5
  4032 | D:5      | Noticed Grinder
  4039 | D:5      | Paralysed by Grinder for 4 turns
  4050 | D:5      | Paralysed by Grinder for 2 turns
  4056 | D:5      | Paralysed by Grinder for 4 turns
  4070 | D:5      | Killed Grinder
  4185 | D:5      | Found Lanap's Jewellery Shoppe.
  4257 | D:5      | Reached XP level 7. HP: 37/64 MP: 6/6
  4539 | D:5      | Found a shimmering blue altar of Sif Muna.
  4578 | D:5      | Noticed Blork the orc
  4588 | D:5      | Killed Blork the orc
  4682 | D:5      | Found a staircase to the Ecumenical Temple.
  4832 | D:5      | Found a runed translucent door.
  4833 | D:5      | Noticed Crazy Yiuf
  5143 | D:5      | Killed Crazy Yiuf
  5747 | D:6      | Noticed a gargoyle
  5761 | D:6      | Killed from afar by a gargoyle

Illustrated notes

Levels and vault maps discovered:
D:1:      co_arrival_random_square_maze, layout_basic,
          nicolae_concentric_dashed_squares_mild, amethyst_killhole,
          st_stairs_6, chequers_garden
D:2:      minmay_chambers_of_twos, layout_basic,
          dreamdust_ecumenical_altar_drowned_temple
D:3:      layout_basic, nicolae_tso_carved_into_rock,
          nicolae_wu_jian_wuxing_cycle, mainiacjoe_overflow_big_doors,
          nicolae_ru_great_annihilating_truth, mainiacjoe_overflow_alcove_4,
          grunt_ministairs_3
D:4:      layout_cave_pools, nemelex_diamond_rough_becter, bloody_makhleb,
          nicolae_goblin_pals
D:5:      layout_basic, nicolae_overflow_crystal_walls, zin_academy,
          minmay_temple_entry_overgrown, serial_shops, shop,
          uniq_crazy_yiuf_cottage, uniq_blork_the_orc, uniq_grinder,
          uniq_sigmund
D:6:      layout_basic, evilmike_ruin_ashenzari

Skill      XL: |  1  2  3  4  5  6  7 |
---------------+----------------------+-----
Dodging        | 3 4 |  4.8
Fighting       | 4 5 6 7 |  7.8
Unarmed Combat | 4 5 6 7 |  7.7
Armour         | 1 2 3 |  3.8

Action                     |  1- 3 |  4- 6 |  7- 9 || total
---------------------------+-------+-------+-------++-------
  Melee: Unarmed           |    96 |   211 |   110 ||   417
  Throw: Boomerang         |       |       |     5 ||     5
         Dart              |       |       |     3 ||     3
 Invoke: Sacrifice Experie |       |     1 |       ||     1
  Evoke: Wand              |       |     1 |     2 ||     3
    Use: Potion            |       |     5 |     7 ||    12
   Stab: Invisible         |       |     1 |     2 ||     3
 Armour: Robe              |     8 |     7 |       ||    15
         Leather armour    |       |    38 |    16 ||    54
  Dodge: Dodged            |    46 |    91 |    55 ||   192
